 Dungeon Crawl Stone Soup version 0.29-a0-609-gb56f46d856 (webtiles) character file.

Game seed: 15656265212264068954

46 Querens the Shield-Bearer (level 4, -3/40 HPs)
             Began as a Meteoran Fighter on June 16, 2022.
             Was an Initiate of Okawaru.
             Slain by an orc priest
             ... wielding a +2 hand axe of distortion
              (12 damage)
             ... on level 3 of the Dungeon.
             The game lasted 00:03:14 (902 turns).

Querens the Shield-Bearer (Meteoran Fighter)         Turns: 902, Time: 00:03:15

Health: -3/40      AC: 18    Str: 24    XL:     4   Next: 15%
Magic:  5/5        EV:  8    Int:  9    God:    Okawaru [......]
Gold:   96         SH:  9    Dex: 13    Spells: 3/3 levels left

rFire   . . .      SeeInvis +   a - +0 war axe
rCold   + . .      Faith    .   i - +0 kite shield
rNeg    . . .      Spirit   .   n - +7 scale mail "Qeklell" {Drain rCorr Str+4 SInv}
rPois   .          Reflect  .   (no helmet)
rElec   .          Harm     .   (no cloak)
rCorr   +          Rampage  .   (no gloves)
Will    .....                   (no boots)
Stlth   ..........              (no amulet)
HPRegen 0.13/turn               c - +4 ring of protection
MPRegen 0.09/turn               l - ring of protection from cold

@: mighty, glowing
A: sense surroundings 1, otherworldly, glowing, explore regen
a: Renounce Religion


You were on level 3 of the Dungeon.
You worshipped Okawaru.
Okawaru was noncommittal.
You visited 1 branch of the dungeon, and saw 3 of its levels.

You collected 96 gold pieces.

Inventory:

Hand Weapons
 a - a +0 war axe (weapon)
Armour
 i - a +0 kite shield (worn)
 n - the +7 scale mail "Qeklell" (worn) {Drain rCorr Str+4 SInv}
   (You found it on level 2 of the Dungeon)

   Str:       It affects your strength (+4).
   SInv:      It lets you see invisible.
   rCorr:     It protects you from acid and corrosion.
   Drain:     It drains your maximum health when unequipped.
Jewellery
 c - a +4 ring of protection (left hand)
 l - a ring of protection from cold (right hand)
Wands
 b - a wand of flame (11)
Scrolls
 e - a scroll of teleportation {unknown}
 g - 2 scrolls of blinking {unknown}
 j - a scroll of fog {unknown}
 k - 2 scrolls of identify {unknown}
Potions
 f - a potion of curing {unknown}
 h - a potion of haste {unknown}
 m - a potion of heal wounds {unknown}


   Skills:
 + Level 3.8 Fighting
 + Level 3.1 Axes
 + Level 4.1 Armour
 + Level 4.1 Shields


You had 3 spell levels left.
You didn't know any spells.
Your spell library contained the following spells:

 Spells                   Type           Power      Damage    Failure   Level
 Apportation              Tloc           0%         N/A       96%         1
 Necrotize                Necr           0%         1d4       96%         1
 Summon Small Mammal      Summ           Unusable   N/A       N/A         1

Dungeon Overview and Level Annotations

Branches:
Dungeon (3/15) Zot: 864

Altars:
Okawaru

Shops:
D:2 (


Innate Abilities, Weirdness & Mutations

You passively map a small area around you.
You are easily found by Zot.
You glow in the dark.
You regain HP and MP as you explore.


Message History

The orc shouts!
You hear a shout!
There is a stone staircase leading up here.
You slash the orc!
You kill the orc!
Okawaru accepts your kill.
You slash the orc priest!
The orc priest is heavily wounded.
You block the orc priest's attack.
An orc comes into view. It is wielding a +0 club.
You hit the orc priest.
The orc priest is heavily wounded.
The orc priest invokes the aid of Beogh against you.
Beogh smites you!
The orc priest calls down the wrath of Beogh upon you.
Pain shoots through your body!
You barely miss the orc priest.
The orc priest is heavily wounded.
The orc barely misses you.
The orc priest begins to cast a cantrip, but forgets the words!
You see here a +0 hand axe.
You completely miss the orc priest.
The orc priest is heavily wounded.
You hit the orc. You block the orc's attack.
The orc priest hits you but does no damage.
Space warps around you. The orc barely misses you.
The orc priest barely misses you.
You closely miss the orc priest.
The orc priest is heavily wounded.
You closely miss the orc. The orc barely misses you.
The orc priest barely misses you. The orc hits you but does no damage.
The orc priest hits you but does no damage.
Space warps horribly around you!!
* * * LOW HITPOINT WARNING * * *
Unknown command.
Okay, then.
You feel very mighty all of a sudden. The orc hits you but does no damage.
The orc priest hits you but does no damage.
Space warps horribly around you!
You die...

*, ^ * ,
, , , * *
* #######
,#<.@oo#
#...o##.#
####.# #
#.#* #..,
* ####


You could see an orc priest and 2 orcs.

Vanquished Creatures
  A worm (D:2)
  A dart slug (D:1)
  An orc (D:3)
  5 endoplasms
  2 giant cockroaches (D:1)
  4 goblins
  5 hobgoblins
  3 jackals (D:1)
  2 kobolds (D:1)
  2 ball pythons
  3 bats (D:1)
  3 frilled lizards
  3 rats (D:2)
35 creatures vanquished.

Notes
Turn   | Place    | Note
-------+----------+-------------------------------------------
     0 | D:1      | Querens the Meteoran Fighter began the quest for the Orb.
     0 | D:1      | Reached XP level 1. HP: 19/19 MP: 2/2
    35 | D:1      | Reached XP level 2. HP: 26/26 MP: 3/3
    90 | D:1      | Reached XP level 3. HP: 31/31 MP: 4/4
   446 | D:2      | Found an iron altar of Okawaru.
   454 | D:2      | Became a worshipper of Warmaster Okawaru
   511 | D:2      | Reached XP level 4. HP: 40/40 MP: 5/5
   643 | D:2      | Found Tetu's Weapon Boutique.
   745 | D:2      | Identified the +7 scale mail "Qeklell" {Drain rCorr Str+4
                  | SInv}
   902 | D:3      | Slain by an orc priest

Illustrated notes

Levels and vault maps discovered:
D:1:      minmay_arrival_checkered_box, layout_rooms
D:2:      layout_basic, basic_altar, serial_shops, shop_fountains
D:3:      layout_basic, nicolae_ecumenical_snake_handling, portal_sewer_entry_b,
          hex_medium, st_stairs_2, dk_noncrumbling_2, minmay_divided_ellipse

Skill      XL: |  1  2  3 |
---------------+----------+-----
Shields        | 4 |  4.1
Armour         | 4 |  4.1
Axes           | 3 |  3.1
Fighting       | |  3.8

Action                   |  1- 3 |  4- 6 || total
-------------------------+-------+-------++-------
Melee: War axe           |    64 |    12 ||    76
  Use: Potion            |       |     1 ||     1
Armor: Scale mail        |    55 |     5 ||    60
Dodge: Dodged            |    23 |     6 ||    29
Block: Buckler           |    25 |       ||    25
       Kite shield       |     6 |     4 ||    10

Table legend: (Time is in decaauts)
 A = Elapsed time spent in this place.
 B = Non-inter-level travel time spent in this place.
 C = Inter-level travel time spent in this place.
 D = Time resting spent in this place.
 E = Time spent auto-exploring this place.
 F = Levels seen in this place.
 G = Mean time per level.
                   A        B        C        D        E       F      G
               +--------+--------+--------+--------+--------+-----+--------+
         Total |    934 |    914 |     20 |      0 |      0 |   3 |  311.3 |
       Dungeon |    934 |    914 |     20 |      0 |      0 |   3 |  311.3 |
               +--------+--------+--------+--------+--------+-----+--------+

Top non-repeatable levels by time:
     D:2: 615 daAuts
     D:1: 307 daAuts
     D:3: 11 daAuts
